 Dungeon Crawl Stone Soup version 0.31.0-2-g5a2aebc5c2 (webtiles) character file.

Game seed: 17953066757455489027

67 LobsterGuardian the Grave Robber (level 3, 0/24 HPs)
             Began as a Demonspawn Necromancer on Jan 20, 2024.
             Slain by a black bear (3 damage)
             ... on level 4 of the Dungeon on Jan 21, 2024.
             The game lasted 00:10:19 (2968 turns).

LobsterGuardian the Grave Robber (DsNe)             Turns: 2968, Time: 00:10:20

Health: 0/24       AC:  2    Str:  8      XL:     3   Next: 98%
Magic:  1/6        EV: 12    Int: 17      God:
Gold:   118        SH:  0    Dex:  9 (13) Spells: 2/6 levels left

rFire   . . .        (no weapon)
rCold   . . .        (no shield)
rNeg    . . .        a - +0 robe
rPois   .            (no helmet)
rElec   .            (no cloak)
rCorr   .            (no gloves)
SInv    .            (no boots)
Will    .....        (no amulet)
Stlth   ++           (no ring)
HPRegen 0.24/turn    (no ring)
MPRegen 0.10/turn

%: no passive effects
@: no status effects
A: claws 2
a: no special abilities


You were on level 4 of the Dungeon.
You visited 1 branch of the dungeon, and saw 4 of its levels.

You collected 118 gold pieces.

Inventory:

Armour
 a - a +0 robe (worn)
Scrolls
 b - a scroll of acquirement {unknown}
 c - 2 scrolls of teleportation
 f - a scroll of enchant weapon
 h - a scroll of revelation
Potions
 d - a potion of lignification
 e - a potion of invisibility
 i - 3 potions of heal wounds
 j - 3 potions of curing {unknown}


   Skills:
 + Level 1.8 Dodging
 + Level 1.9 Stealth
 + Level 0.7 Unarmed Combat
 + Level 2.4 Spellcasting
 * Level 5.6 Necromancy


You had 2 spell levels left.
You knew the following spells:

 Your Spells              Type           Power      Damage    Failure   Level
a - Necrotise             Necr           84%        1d8       1%          1
b - Vampiric Draining     Necr           21%        2d7       5%          3

Your spell library contained the following spells:

 Spells                   Type           Power      Damage    Failure   Level
 Animate Dead             Necr           21%        N/A       19%         4
 Curse of Agony           Necr           21%        N/A       45%         5
 Dazzling Flash           Conj/Hex       4%         N/A       50%         3
 Inner Flame              Hex/Fire       2%         N/A       50%         3
 Mephitic Cloud           Conj/Alch/Air  2%         N/A       50%         3
 Flame Wave               Conj/Fire      2%         2d4       88%         4
 Manifold Assault         Tloc           2%         N/A       88%         4
 Sticky Flame             Fire/Alch      2%         2d4       88%         4
 Silence                  Hex/Air        1%         N/A       99%         5
 Dispersal                Tloc           1%         N/A       100%        6
 Disjunction              Tloc           1%         N/A       100%        8


Dungeon Overview and Level Annotations

Branches:
Dungeon (4/15)
 Temple: D:4-7

Altars:
Dithmenos

Shops:
D:3 =

Annotations:
D:4 Eustachio


Innate Abilities, Weirdness & Mutations

You have very sharp fingernails.


Message History

Casting: Necrotise (safe; 1% risk of failure)
Confirm with . or Enter, or press ? or * to list all spells.
Okay, then.
Casting: Vampiric Draining (quite dangerous; 5% risk of failure)
Confirm with . or Enter, or press ? or * to list all spells.
Aiming: Vampiric Draining (quite dangerous; 5% risk of failure)
Press: ? - help, Shift-Dir - straight line, f/p - black bear
Aim: a black bear (lightly wounded)
You draw life force from the black bear!
You feel life coursing into your body.
The black bear bites you but does no damage.
The black bear claws you. x2
Unknown command.
You scratch the black bear but do no damage.
You claw the black bear.
The black bear is severely wounded.
The black bear goes berserk!
Unknown command.
You scratch the black bear.
The black bear is almost dead.
The black bear barely misses you.
The black bear claws you but does no damage.
The black bear completely misses you. The black bear closely misses you.
The black bear claws you. The black bear completely misses you.
Unknown command.
You scratch the black bear.
The black bear is almost dead.
The black bear bites you!
Ouch! That really hurt!
* * * LOW HITPOINT WARNING * * *
The black bear closely misses you. x2
Unknown command.
Casting: Vampiric Draining (quite dangerous; 5% risk of failure)
Confirm with . or Enter, or press ? or * to list all spells.
Aiming: Necrotise (safe; 1% risk of failure)
Press: ? - help, Shift-Dir - straight line, f/p - black bear
Aim: a black bear (almost dead, berserk, chance to affect: 80%)
The black bear barely resists.
The black bear completely misses you. The black bear claws you.
You die...

####### #.....# #.....#
#.....# #.....#
#..<..####### ###
#...........#
..#######...........####
......).........@.....>.
..############...h.....#
..# ####......# ..#
.....)# ..# ......# ###
......# ...##.# .... .#


You could see a black bear (berserk).

Vanquished Creatures
  3 ribbon worms
  9 endoplasms
  2 giant cockroaches (D:4)
  A goblin (D:3)
  7 hobgoblins
  8 jackals
  2 quokkas
  3 ball pythons
  4 bats
  A frilled lizard (D:1)
  4 kobolds
  A rat (D:1)
45 creatures vanquished.

Vanquished Creatures (collateral kills)
  An orc (D:4)
  A goblin (D:1)
  A hobgoblin (D:1)
  A jackal (D:2)
4 creatures vanquished.

Grand Total: 49 creatures vanquished

Notes
Turn   | Place    | Note
-------+----------+-------------------------------------------
     0 | D:1      | LobsterGuardian the Demonspawn Necromancer began the quest
                  | for the Orb.
     0 | D:1      | Reached XP level 1. HP: 13/13 MP: 3/3
   308 | D:1      | Gained mutation: You have sharp fingernails. [demonic
                  | ancestry]
   308 | D:1      | Reached XP level 2. HP: 19/19 MP: 1/5
   393 | D:1      | Reached skill level 5 in Necromancy
   822 | D:1      | Found a faded altar of an unknown god.
  1126 | D:2      | Gained mutation: You have very sharp fingernails. [demonic
                  | ancestry]
  1126 | D:2      | Reached XP level 3. HP: 4/24 MP: 0/6
  1827 | D:3      | Learned a level 3 spell: Vampiric Draining
  2128 | D:3      | Found a shadowy altar of Dithmenos.
  2164 | D:3      | Found Cuerhoim's Jewellery Shop.
  2563 | D:4      | Upgraded the game from 0.31.0 to 0.31.0-2-g5a2aebc5c2
  2778 | D:4      | Noticed Eustachio
  2956 | D:4      | Noticed a black bear
  2968 | D:4      | Slain by a black bear

Illustrated notes

Levels and vault maps discovered:
D:1:      lightli_iron_boxes, layout_loops_ring,
          shapermc_ecumenical_altar_pompeii
D:2:      layout_basic
D:3:      layout_basic, overflow_temple_1_default, serial_shops, shop,
          nicolae_wormholes
D:4:      layout_basic, mainiacjoe_overflow_tiny_flanked, uniq_eustachio,
          uniq_crazy_yiuf_cottage

Skill      XL: |  1  2 |
---------------+-------+-----
Necromancy     | 5 |  5.6
Dodging        | |  1.8
Stealth        | |  1.9
Unarmed Combat | |  0.7
Spellcasting   | |  2.4

Action                     || total
---------------------------++-------
  Melee: Unarmed           ||    69
         Punch             ||     2
   Cast: Necrotise         ||    97
         Vampiric Draining ||     3
    Use: Scroll            ||     8
         Potion            ||     3
   Stab: Sleeping          ||     2
         Invisible         ||     1
 Armour: Robe              ||    91
  Dodge: Dodged            ||    94
